 Dungeon Crawl Stone Soup version 0.31-a0-331-geda263fcf1 (webtiles) character file.

Game seed: 3760952568471786745

23 mopl the Changeling (level 3, -12/24 HPs)
             Began as an Octopode Shapeshifter on July 19, 2023.
             Killed from afar by an electric eel (14 damage)
             ... with a bolt of electricity
             ... on level 3 of the Dungeon.
             The game lasted 00:01:00 (981 turns).

mopl the Changeling (Octopode Shapeshifter)          Turns: 981, Time: 00:01:01

Health: -12/24     AC:  1    Str: 14    XL:     3   Next: 0%
Magic:  0/3        EV: 13    Int: 10    God:
Gold:   111        SH:  4    Dex: 14    Spells: 2/2 levels left

rFire   . . .        e - +1 dagger (venom)
rCold   . . .        f - +0 buckler
rNeg    . . .        (helmet currently unavailable)
rPois   .            g - amulet of guardian spirit
rElec   .            (no ring)
rCorr   .            (no ring)
SInv    .            (no ring)
Will    .....        (no ring)
Stlth   ++           (no ring)
HPRegen 0.24/turn    (no ring)
MPRegen 0.08/turn    (no ring)
                     (no ring)

%: guardian spirit
@: beast-form
A: beast (slay +2), almost no armour, amphibious, 8 rings, camouflage 1,
gelatinous body 1, (nimble swimmer 1), tentacles
a: Begin Untransformation


You were on level 3 of the Dungeon.
You were a hulking beast.
You visited 1 branch of the dungeon, and saw 3 of its levels.

You collected 111 gold pieces.

Inventory:

Hand Weapons
 e - a +1 dagger of venom (weapon)
Armour
 f - a +0 buckler (worn)
Jewellery
 g - an amulet of guardian spirit (around mantle)
 n - a ring of willpower
Talismans
 b - a beast talisman
Wands
 o - a wand of flame (29)
Scrolls
 d - 2 scrolls of vulnerability {unknown}
 h - a scroll of teleportation {unknown}
 k - 2 scrolls of identify {unknown}
 l - a scroll of butterflies {unknown}
Potions
 a - a potion of lignification {!q}
 c - 2 potions of curing {unknown}
 i - a potion of attraction {unknown}
 j - a potion of haste {unknown}
 m - a potion of enlightenment {unknown}


   Skills:
 + Level 2.2 Fighting
 + Level 2.2 Dodging
 * Level 2.5 Unarmed Combat
 * Level 3.2 Shapeshifting


You had 2 spell levels left.
You didn't know any spells.
Your spell library was empty.

Dungeon Overview and Level Annotations

Branches:
Dungeon (2/15)

Altars:


Innate Abilities, Weirdness & Mutations

You are a hulking beast.
Your limbs bulge with bestial killing power. (Slay +2)
You cannot wear most types of armour.
You are amphibious.
You can wear up to eight rings at the same time.
Your skin changes colour to match your surroundings (Stealth+).
Your rubbery body absorbs attacks. (AC +1, EV +1)
((You are camouflaged when in or above water. (Stealth+)))
You have tentacles for arms and can constrict up to eight enemies at once.


Message History

d - 2 scrolls labelled YMPOUKHUXAR (gained 1)
Found a pair of boots.
You see here a +0 pair of boots.
A hobgoblin comes into view.
A hobgoblin is nearby!
You hit the hobgoblin.
The hobgoblin is poisoned.
You grab the hobgoblin. You squeeze the hobgoblin.
You kill the hobgoblin!
You have reached level 3!
Your experience leads to an increase in your attributes!
Increase (S)trength, (I)ntelligence, or (D)exterity?
You feel agile. x2
You see here a hobgoblin corpse.
A sourceless malevolence fills the Dungeon...
You fall into a shaft and drop 1 floor!
The shaft crumbles and collapses.
Found a transporter.
k - 2 scrolls labelled XOPLANK TASID (gained 1)
n - a ring of willpower You now have 111 gold pieces (gained 6).
There is a transporter here.
You enter the transporter and appear at another place.
o - a wand of flame (29)
You open the door.
The electric eel shoots out a bolt of lightning at you!
The bolt of electricity hits you!
You close the door.
You start resting.
Magic restored.
You start resting.
HP restored.
You open the door.
The electric eel shoots out a bolt of lightning at you!
The bolt of electricity hits you! x2
Ouch! That really hurt!
* * * LOW HITPOINT WARNING * * *
The electric eel shoots out a bolt of lightning at you!
The bolt of electricity hits you!
Ouch! That really hurt!
You die...

#.....# #.....#
####.....#####
#####............######
#........#######..#....
....#....©....#
##.#.### . #.#######.#
#...# #.#8.©.8#.#
###.##
#.#Ph..P#.#######..##
#.###'###.#..........
#.#S...S#.#.....#####
#.#~...S#.#.....#####
#.#~...~#.#..........
#.#~.♣.~#.#....##....
#.#~...~#.##### #....
#.#~...~#.# #.... #####


You could see 3 electric eels.

Vanquished Creatures
  4 endoplasms
  A giant cockroach (D:1)
  A goblin (D:1)
  3 hobgoblins
  2 jackals (D:1)
  A quokka (D:1)
  3 ball pythons
  2 bats (D:1)
  3 rats (D:1)
20 creatures vanquished.

Notes
Turn   | Place    | Note
-------+----------+-------------------------------------------
     0 | D:1      | mopl the Octopode Shapeshifter began the quest for the Orb.
     0 | D:1      | Reached XP level 1. HP: 14/14 MP: 1/1
   160 | D:1      | Reached XP level 2. HP: 19/19 MP: 2/2
   889 | D:2      | Reached XP level 3. HP: 24/24 MP: 3/3
   896 | D:2      | You fall into a shaft and drop 1 floor!
   924 | D:3      | Found a transporter.
   981 | D:3      | Killed from afar by an electric eel

Illustrated notes

Levels and vault maps discovered:
D:1:      minmay_arrival_widening_spiral_wide, layout_basic
D:2:      layout_loops_ring
D:3:      gammafunk_steamed_eel, layout_basic,
          shapermc_ecumenical_altar_mp_ritualfount, uniq_grinder, uniq_natasha

Action                     || total
---------------------------++-------
  Melee: Dagger            ||    31
         Unarmed           ||     5
         Constrict         ||    11
         Tentacles         ||     9
   Stab: Sleeping          ||     1
 Armour: Skin              ||     5
  Dodge: Dodged            ||    19
  Block: Buckler           ||     6

Table legend: (Time is in decaauts)
 A = Elapsed time spent in this place.
 B = Non-inter-level travel time spent in this place.
 C = Inter-level travel time spent in this place.
 D = Time resting spent in this place.
 E = Time spent auto-exploring this place.
 F = Levels seen in this place.
 G = Mean time per level.
                   A        B        C        D        E       F      G
               +--------+--------+--------+--------+--------+-----+--------+
         Total |    981 |    969 |     12 |     40 |    759 |   3 |  327.0 |
       Dungeon |    981 |    969 |     12 |     40 |    759 |   3 |  327.0 |
               +--------+--------+--------+--------+--------+-----+--------+

Top non-repeatable levels by time:
     D:1: 771 daAuts
     D:2: 125 daAuts
     D:3: 84 daAuts
